 Dungeon Crawl Stone Soup version 0.31-a0-986-g5e6e4ef867 (webtiles) character file.

Game seed: 17968541121610893029

507 grandjackal the Trooper (level 6, -3/49 HPs)
             Began as a Demonspawn Gladiator on Nov 20, 2023.
             Slain by an orc wizard
             ... wielding a +0 dagger of electrocution
              (15 damage)
             ... on level 3 of the Dungeon.
             The game lasted 00:03:31 (2311 turns).

grandjackal the Trooper (Demonspawn Gladiator)      Turns: 2311, Time: 00:03:31

Health: -3/49      AC:  6    Str: 16    XL:     6   Next: 97%
Magic:  6/6        EV: 13    Int:  9    God:
Gold:   135        SH:  0    Dex: 15    Spells: 5/5 levels left

rFire   . . .        a - +0 long sword
rCold   . . .        (no shield)
rNeg    . . .        f - +0 ring mail
rPois   .            c - +0 helmet
rElec   .            (no cloak)
rCorr   .            (no gloves)
SInv    .            (no boots)
Will    .....        (no amulet)
Stlth   +            (no ring)
HPRegen 0.28/turn    (no ring)
MPRegen 0.10/turn

%: no passive effects
@: no status effects
A: hooves 1, repulsion field 1, powered by pain 1, condensation shield
a: no special abilities


You were on level 3 of the Dungeon.
You visited 1 branch of the dungeon, and saw 4 of its levels.

You collected 135 gold pieces.

Inventory:

Hand Weapons
 a - a +0 long sword (weapon)
 h - a +1 antimagic dagger
Missiles
 d - a throwing net (quivered)
 e - a javelin
Armour
 c - a +0 helmet (worn)
 f - a +0 ring mail (worn)
Wands
 j - a wand of roots (9)
Scrolls
 b - a scroll of teleportation {unknown}
 g - a scroll of immolation {unknown}
 i - 2 scrolls of identify {unknown}
 k - a scroll of noise {unknown}
Potions
 l - a potion of heal wounds {unknown}


   Skills:
 + Level 4.6 Fighting
 + Level 4.6 Long Blades
 - Level 2.0 Throwing
 + Level 3.2 Armour
 - Level 3.0 Dodging


You had 5 spell levels left.
You didn't know any spells.
Your spell library contained the following spells:

 Spells                   Type           Power      Damage    Failure   Level
 Animate Dead             Necr           0%         N/A       100%        4
 Borgnjor's Vile Clutch   Necr/Erth      0%         N/A       100%        5
 Death Channel            Necr           0%         N/A       100%        6


Dungeon Overview and Level Annotations

Branches:
Dungeon (4/15)
 Temple: D:4-7

Altars:
Sif Muna

Annotations:
D:4 Beryl's ghost, amateur TrSh


Innate Abilities, Weirdness & Mutations

You have large cloven feet.
You are surrounded by a mild repulsion field. (EV +2)
You sometimes gain a little power by taking damage.
A meltable shield of frost defends you. (SH +0)


Message History

The orc wizard closely misses you.
You barely miss the orc wizard.
The orc wizard is heavily wounded.
Something hits you.
The orc wizard points at you and mumbles some strange words.
You resist with some effort.
You hit the orc wizard. You kick the orc wizard.
The orc wizard is severely wounded.
Something completely misses you.
The orc wizard hits you but does no damage.
You hit the orc wizard. Your kick misses the orc wizard.
The orc wizard is almost dead.
Something barely misses you.
The orc wizard gestures at you while chanting.
The puff of flame hits you.
Your condensation shield dissipates!
The orc wizard gestures at you while chanting.
The magic dart hits you! Something hits you but does no damage.
You miss the orc wizard.
You kick the orc wizard, but do no damage.
The orc wizard is almost dead.
Something hits you but does no damage.
The orc wizard hits you but does no damage.
You hit the orc wizard.
You kill the orc wizard!
Something hits you but does no damage.
You miss something. Something hits you but does no damage.
You barely miss something. Something hits you but does no damage.
You are electrocuted!
You miss something. Your kick misses something. Something hits you.
You hit something.
You hear some strange, mumbled words.
A magic dart appears from out of thin air!
The magic dart hits you.
* * * LOW HITPOINT WARNING * * *
Something hits you but does no damage.
You miss something. You kick something. Something hits you but does no damage.
You barely miss something. Your kick misses something.
Something hits you but does no damage.
You are electrocuted!
You die...

####### #......
#...[.. #......
#......
##################
#@)...............
#{################
#...#####
#.#.....####
#..........#######
#.................
#..........######.
#.########## #.
#.# #.


There were no monsters in sight!

Vanquished Creatures
  Sigmund (D:3)
  A centaur (D:3)
  A scorpion (D:4)
  An orc priest (D:3)
  A sleepcap (D:2)
  An orc wizard (D:3)
  3 gnolls (D:2)
  4 adders
  A worm (D:2)
  3 dart slugs
  6 orcs
  2 ball pythons
  4 bats
  3 endoplasms
  A giant cockroach (D:2)
  5 goblins
  3 hobgoblins
  3 quokkas
  2 frilled lizards
  7 kobolds
  5 rats
58 creatures vanquished.

Notes
Turn   | Place    | Note
-------+----------+-------------------------------------------
     0 | D:1      | grandjackal the Demonspawn Gladiator began the quest for
                  | the Orb.
     0 | D:1      | Reached XP level 1. HP: 16/16 MP: 1/1
   113 | D:1      | Gained mutation: You have large cloven feet. [demonic
                  | ancestry]
   113 | D:1      | Reached XP level 2. HP: 19/22 MP: 2/2
   601 | D:2      | Reached XP level 3. HP: 26/28 MP: 3/3
   775 | D:2      | Reached skill level 1 in Armour
   775 | D:2      | Gained mutation: You are surrounded by a mild repulsion
                  | field. (EV +2) [demonic ancestry]
   775 | D:2      | Reached XP level 4. HP: 8/35 MP: 4/4
  1139 | D:3      | Identified the "Decrytig"
  1342 | D:3      | Gained mutation: You sometimes gain a little power by
                  | taking damage. [demonic ancestry]
  1342 | D:3      | Reached XP level 5. HP: 39/41 MP: 5/5
  1575 | D:3      | Found a shimmering blue altar of Sif Muna.
  1630 | D:3      | Noticed Sigmund
  1653 | D:3      | Killed Sigmund
  1654 | D:3      | Gained mutation: A meltable shield of frost defends you.
                  | (SH +0) [demonic ancestry]
  1654 | D:3      | Reached XP level 6. HP: 14/48 MP: 2/6
  2252 | D:4      | Noticed Beryl's ghost (amateur TrSh)
  2271 | D:4      | Noticed an ice beast
  2311 | D:3      | Slain by an orc wizard

Illustrated notes

Levels and vault maps discovered:
D:1:      scummos_arrival_star, layout_rooms, corexii_item_surrounded_by_moat
D:2:      layout_rooms, serial_glass, glass_columns_c, glass_columns_b,
          glass_columns_a, glass_columns_a, due_unseen_surprise,
          feat_on_display, kennysheep_cross_room, nicolae_grassy_gnolls
D:3:      layout_basic, led_sif_book, uniq_sigmund
D:4:      layout_rooms, serial_shops, shop, shop, kennysheep_mini,
          gammafunk_ghost_icy, uniq_eustachio, uniq_ijyb, uniq_menkaure

Skill      XL: |  1  2  3  4  5  6 |
---------------+-------------------+-----
Throwing       | 2 |  2.0
Dodging        | 3 |  3.0
Long Blades    | 3 4 |  4.6
Fighting       | 3 4 |  4.6
Armour         | 1 2 3 |  3.2

Action                     |  1- 3 |  4- 6 || total
---------------------------+-------+-------++-------
  Melee: Long sword        |   103 |    88 ||   191
         Kick              |    21 |    21 ||    42
         Dagger            |       |     3 ||     3
  Throw: Throwing net      |     1 |     3 ||     4
    Use: Potion            |       |     1 ||     1
   Stab: Held in net/web   |     1 |     1 ||     2
 Armour: Ring mail         |    73 |    76 ||   149
         Leather armour    |     3 |       ||     3
  Dodge: Dodged            |    80 |    76 ||   156
  Block: Other             |       |     6 ||     6

Table legend: (Time is in decaauts)
 A = Elapsed time spent in this place.
 B = Non-inter-level travel time spent in this place.
 C = Inter-level travel time spent in this place.
 D = Time resting spent in this place.
 E = Time spent auto-exploring this place.
 F = Levels seen in this place.
 G = Mean time per level.
                   A        B        C        D        E       F      G
               +--------+--------+--------+--------+--------+-----+--------+
         Total |   2355 |   2281 |     74 |    620 |   1075 |   4 |  588.8 |
       Dungeon |   2355 |   2281 |     74 |    620 |   1075 |   4 |  588.8 |
               +--------+--------+--------+--------+--------+-----+--------+

Top non-repeatable levels by time:
     D:3: 966 daAuts
     D:2: 766 daAuts
     D:1: 574 daAuts
     D:4: 48 daAuts
